 Dungeon Crawl Stone Soup version 0.23-a0-143-g1adec7bb76 (webtiles) character file.

1200 Holzbalken the Soothsayer (level 8, -8/58 HPs)
             Began as a Demonspawn Monk on Sept 5, 2018.
             Was a Priest of Nemelex Xobeh.
             Mangled by an ice devil (13 damage)
             ... summoned by the player character
             ... on level 5 of the Dungeon.
             The game lasted 00:26:27 (5619 turns).

Holzbalken the Soothsayer (Demonspawn Monk)         Turns: 5619, Time: 00:26:28

Health: -8/58      AC:  7    Str: 16    XL:     8   Next: 21%
Magic:  14/14      EV: 12    Int:  7    God:    Nemelex Xobeh [***...]
Gold:   341        SH:  6    Dex: 18    Spells: 7/7 levels left

rFire    + + .     SeeInvis .   p - -2 flail (curse)
rCold    . . .     Gourm    .   (no shield)
rNeg     . . .     Faith    .   A - +0 scale mail "Asetwe" {rF++ Regen+ Int-5 Dex+2} (curse)
rPois    +         Spirit   .   B - +0 helmet (curse)
rElec    .         Reflect  +   (no cloak)
rCorr    .         Harm     .   (no gloves)
MR       .....                  (no boots)
Stlth    +++.......             e - +6 amulet of reflection
HPRegen  0.59/turn              o - ring of poison resistance
MPRegen  0.14/turn              n - +3 ring of strength

@: no status effects
A: talons 2, nightstalker 2, sturdy frame 2
a: Triple Draw, Renounce Religion


You were on level 5 of the Dungeon.
You worshipped Nemelex Xobeh.
Nemelex Xobeh was most pleased with you.
You were not hungry.

You visited 1 branch of the dungeon, and saw 5 of its levels.

You collected 341 gold pieces.

Inventory:

Hand Weapons
 a - a +1 hand axe
 g - a +0 mace
 p - a cursed -2 flail (weapon)
Armour
 r - a +0 plate armour
 z - a +3 leather armour
 A - the cursed +0 scale mail "Asetwe" (worn) {rF++ Regen+ Int-5 Dex+2}
   (You took it off an orc on level 5 of the Dungeon)

   It affects your intelligence (-5).
   It affects your dexterity (+2).
   It greatly protects you from fire.
   It increases your rate of regeneration.
   It has a curse placed upon it.
 B - a cursed +0 helmet (worn)
Jewellery
 e - a +6 amulet of reflection (around neck)
 f - an uncursed ring of resist corrosion
 h - an uncursed amulet of regeneration
 n - a +3 ring of strength (right hand)
 o - a ring of poison resistance (left hand)
Wands
 d - a wand of paralysis (17)
Scrolls
 j - 3 scrolls of enchant weapon
 l - a scroll of identify
 D - a scroll of amnesia {unknown}
 E - a scroll of random uselessness {unknown}
 G - a scroll of blinking
Potions
 b - a potion of mutation {unknown}
 m - 2 potions of brilliance {unknown}
 q - 2 potions of might {unknown}
 u - a potion of berserk rage {unknown}
 w - 2 potions of haste
 C - a potion of resistance {unknown}
Miscellaneous
 i - a plain deck of destruction
 s - a plain deck of summoning {drawn: 3}
 x - a plain deck of summoning
 y - a plain deck of summoning
Comestibles
 c - 7 rations
 F - 6 chunks of flesh


   Skills:
 - Level 3.0 Fighting
 + Level 6.9 Axes
 - Level 2.6 Dodging
 - Level 1.7 Stealth
 * Level 9.0 Invocations


You had 7 spell levels left.
You didn't know any spells.
Your spell library was empty.

Dungeon Overview and Level Annotations

Branches:
Dungeon (5/15)             Temple (0/1) D:5

Altars:
Nemelex Xobeh
Yredelemnul
Beogh

Annotations:
D:5 Pikel


Innate Abilities, Weirdness & Mutations

You have razor-sharp toenails.
You are significantly more attuned to the shadows.
Your movements are less encumbered by armour. (ER -4)


Message History

The ice devil is lightly wounded.
Your hell hound closely misses the ice devil.
You block the ice devil's attack. You block the slave's attack.
The slave barely misses you.
Your hell hound bites the ice devil but does no damage.
Pikel closely misses you. The slave hits your hell hound.
The ice devil hits you. The ice devil freezes you!!
* * * LOW HITPOINT WARNING * * *
Your hell hound bites the slave!
Your hell hound misses the slave.
Pikel hits your hell hound with a whip of freezing.
Pikel freezes your hell hound.
The slave completely misses your hell hound.
The ice devil hits you but does no damage.
Found a rapier.
Your hell hound bites the slave but does no damage.
Pikel misses your hell hound. The slave hits your hell hound.
The crimson imp blinks!
The ice devil hits you!
You die...
Your body disappears without a glow.

*,,,,,,,,,###..........#
*,,,,,,,......#.#....###
*,,,,,,,..###.#.#....)..
**#######.###...#.......
*,.........#####........
*,)........#####........
*,......pp.##.##........
*,......4K.##.##.##+#..≈
*,...5.@hpp##.##...[..≈≈
*,.........'........#.≈≈
*,.....§...##########.≈≈
*,.........# #.≈≈
*,.........# #..≈
*,.........# ##...
*,,,,,.?...******* #....
*,,,,,,,,,,,,,,,,* #....
*,,,,,,,,,,,,,,,,* #...)


You could see an ice devil, Pikel, 4 slaves, a crimson imp and a friendly hell
hound.

Vanquished Creatures
  A phantom (D:5)
  2 ogres
  Blork the orc (D:5)
  A howler monkey (D:4)
  A crimson imp (D:5)
  A hound (D:4)
  A jelly (D:5)
  An orc priest (D:5)
  An iguana (D:4)
  An orc wizard (D:4)
  5 worker ants (D:4)
  A hound skeleton (D:4)
  7 adders
  3 worms
  2 leopard geckos (D:2)
  4 orcs
  9 bats
  6 giant cockroaches
  8 goblins
  5 hobgoblins
  2 jackals (D:4)
  4 kobolds
  2 quokkas
  4 ball pythons
  2 frilled lizards
  2 gnoll zombies (D:3)
  A quokka skeleton (D:4)
  4 rats
  A plant (D:3)
83 creatures vanquished.

Vanquished Creatures (collateral kills)
  The ghost of Vesto the Sneak, an amateur DsAs (D:5)
  Edmund (D:5)
  Menkaure (D:4)
  An ogre (D:4)
  A scorpion (D:4)
  A worker ant (D:4)
  An adder (D:4)
  A worm (D:4)
  A leopard gecko (D:4)
  7 orcs
  2 quokkas (D:4)
  A jackal skeleton (D:4)
19 creatures vanquished.

Vanquished Creatures (others)
  A worker ant (D:4)
  A jackal (D:4)
2 creatures vanquished.

Grand Total: 104 creatures vanquished

Notes
Turn   | Place    | Note
-------+----------+-------------------------------------------
     0 | D:1      | Holzbalken the Demonspawn Monk began the quest for the Orb.
     0 | D:1      | Reached XP level 1. HP: 18/18 MP: 1/1
   309 | D:1      | Gained mutation: You are slightly more attuned to the
                  | shadows. [demonic ancestry]
   309 | D:1      | Reached XP level 2. HP: 24/24 MP: 2/2
  1097 | D:2      | HP: 1/24 [worm (5)]
  1422 | D:2      | Gained mutation: You have sharp toenails. [demonic
                  | ancestry]
  1422 | D:2      | Reached XP level 3. HP: 29/29 MP: 3/3
  1936 | D:2      | Gained mutation: Your movements are slightly less
                  | encumbered by armour. (ER -2) [demonic ancestry]
  1936 | D:2      | Reached XP level 4. HP: 34/35 MP: 4/4
  2198 | D:2      | Found a sparkling altar of Nemelex Xobeh.
  2205 | D:2      | Became a worshipper of Nemelex Xobeh the Trickster
  2205 | D:2      | Received a gift from Nemelex Xobeh
  2205 | D:2      | Reached * piety under Nemelex Xobeh
  2205 | D:2      | Received a gift from Nemelex Xobeh
  2205 | D:2      | Received a gift from Nemelex Xobeh
  2205 | D:2      | Reached ** piety under Nemelex Xobeh
  2470 | D:3      | Reached skill level 5 in Axes
  2527 | D:3      | Found a faded altar of an unknown god.
  2627 | D:3      | Found a basalt altar of Yredelemnul.
  2745 | D:3      | Received a gift from Nemelex Xobeh
  3013 | D:4      | Reached skill level 1 in Invocations
  3013 | D:4      | Gained mutation: You are significantly more attuned to the
                  | shadows. [demonic ancestry]
  3013 | D:4      | Reached XP level 5. HP: 20/41 MP: 5/5
  3281 | D:4      | Reached skill level 2 in Invocations
  3358 | D:4      | Reached skill level 3 in Invocations
  3393 | D:4      | Reached XP level 6. HP: 5/47 MP: 8/8
  3692 | D:4      | Reached skill level 4 in Invocations
  3703 | D:4      | Reached skill level 5 in Invocations
  4159 | D:4      | Gained mutation: You have razor-sharp toenails. [demonic
                  | ancestry]
  4159 | D:4      | Reached XP level 7. HP: 52/52 MP: 11/11
  4180 | D:4      | Reached skill level 6 in Invocations
  4226 | D:4      | Noticed Menkaure
  4238 | D:4      | Killed Menkaure
  4350 | D:5      | Entered Level 5 of the Dungeon
  4370 | D:5      | Found a runed gate.
  4371 | D:5      | Found a runed gate.
  4372 | D:5      | Found a runed gate.
  4372 | D:5      | Noticed Vesto's ghost (amateur DsAs)
  4633 | D:4      | Received a gift from Nemelex Xobeh
  5002 | D:5      | Reached skill level 7 in Invocations
  5005 | D:5      | Killed Vesto's ghost
  5170 | D:5      | Found a roughly hewn altar of Beogh.
  5188 | D:5      | Got a slimy scale mail
  5218 | D:5      | Identified the cursed +0 scale mail "Asetwe" {rF++ Regen+
                  | Int-5 Dex+2} (You took it off an orc on level 5 of the
                  | Dungeon)
  5282 | D:5      | Reached skill level 8 in Invocations
  5288 | D:5      | Reached *** piety under Nemelex Xobeh
  5290 | D:5      | Found a staircase to the Ecumenical Temple.
  5393 | D:5      | Noticed Blork the orc
  5405 | D:5      | Killed Blork the orc
  5405 | D:5      | Gained mutation: Your movements are less encumbered by
                  | armour. (ER -4) [demonic ancestry]
  5405 | D:5      | Reached XP level 8. HP: 58/58 MP: 14/14
  5500 | D:5      | Noticed Edmund
  5515 | D:5      | Killed Edmund
  5589 | D:5      | Reached skill level 9 in Invocations
  5602 | D:5      | Noticed Pikel
  5603 | D:5      | Received a gift from Nemelex Xobeh
  5610 | D:5      | Noticed an ice devil
  5612 | D:5      | HP: 1/58 [slave[Pikel] (6)]
  5619 | D:5      | Mangled by an ice devil

Vault maps used:
D:1:      nzn_arrival_water_spiral
D:2:      nemelex_spade_bored_becter
D:3:      lemuel_zombie_altar_yredelemnul, first_ration,
          chequers_ecumenical_altar_grove, minmay_misc_feat_columns,
          saegor_snake_ambush
D:4:      nzn_random_ring, uniq_menkaure
D:5:      temple_pool_b, biasface_ghost_orc_armoury, uniq_pikel,
          uniq_blork_the_orc, uniq_edmund

Skill      XL: |  1  2  3  4  5  6  7  8 |
---------------+-------------------------+-----
Axes           | 3 4 5 6 |  6.9
Invocations    | 1 3 5 8 9 |  9.0
Fighting       | |  3.0
Dodging        | |  2.6
Stealth        | |  1.7

Action                   |  1- 3 |  4- 6 |  7- 9 || total
-------------------------+-------+-------+-------++-------
Melee: Hand axe          |   103 |   134 |       ||   237
       Kick              |     8 |    45 |    39 ||    92
       Flail             |       |    22 |   101 ||   123
Evoke: Deck              |       |    17 |     8 ||    25
  Use: Potion            |     1 |       |     2 ||     3
       Scroll            |       |     5 |     1 ||     6
 Stab: Sleeping          |     6 |     5 |     2 ||    13
  Eat: Chunk             |     3 |     4 |     5 ||    12
       Ration            |       |     1 |       ||     1
Armor: Leather armour    |    26 |     2 |       ||    28
       Scale mail        |       |    28 |    28 ||    56
Dodge: Dodged            |    69 |    62 |    66 ||   197
Block: Other             |    35 |    31 |    39 ||   105

Table legend:
 A = Non-vault XP
 B = Vault XP
 C = Vault XP percentage of total XP
 D = Non-vault monster count
 E = Vault monster count
 F = Vault count percentage of total count
                 A         B        C        D         E       F
            +---------+---------+-------+---------+---------+-------
      Total |     793 |     922 |  53.8 |      73 |      30 |  29.1
            +---------+---------+-------+---------+---------+-------
        D:1 |      26 |       0 |   0.0 |      16 |       0 |   0.0
        D:2 |     122 |       0 |   0.0 |      24 |       0 |   0.0
        D:3 |      30 |       7 |  18.9 |       8 |       5 |  38.5
        D:4 |     319 |     465 |  59.3 |      21 |      13 |  38.2
        D:5 |     296 |     450 |  60.3 |       4 |      12 |  75.0
            +---------+---------+-------+---------+---------+-------
